 Dungeon Crawl Stone Soup version 0.23.2-1-ga50397a6bc (webtiles) character file.

Game seed: 14547342446252998767

6609 Marnok the Spear-Bearer (level 10, -3/76 HPs)
             Began as a Demonspawn Gladiator on Apr 13, 2019.
             Was a Follower of Ru.
             Slain by a manticore (6 damage)
             ... on level 11 of the Dungeon.
             The game lasted 00:38:16 (10660 turns).

Marnok the Spear-Bearer (Demonspawn Gladiator)     Turns: 10660, Time: 00:38:17

Health: -3/76      AC:  9    Str: 19    XL:     10   Next: 71%
Magic:  10/10      EV: 14    Int: 12    God:    Ru [*.....]
Gold:   586        SH: 17    Dex: 17    Spells: 9/9 levels left

rFire    + . .     SeeInvis .   a - +1 trident
rCold    . . .     Gourm    .   s - +1 large shield
rNeg     . . .     Faith    .   l - +2 robe of Vines {NoPotionHeal Regen+7}
rPois    .         Spirit   .   C - +1 helmet {Int+3}
rElec    .         Reflect  .   o - +0 cloak
rCorr    .         Harm     .   (gloves unavailable)
MR       .....                  (no boots)
Stlth    ++........             (no amulet)
HPRegen  3.02/turn              t - +5 ring of protection
MPRegen  0.12/turn              H - +3 ring of strength

@: barbed spikes
A: claws 3, icy blue scales 1, fire resistance 1, reduced AC 1
a: Renounce Religion


You were on level 11 of the Dungeon.
You worshipped Ru.
Ru was aware of your devotion.
You were not hungry.

You visited 2 branches of the dungeon, and saw 12 of its levels.
You also visited: Sewer.

You collected 586 gold pieces.

Inventory:

Hand Weapons
 a - a +1 trident (weapon)
 w - a +2 flail of protection
Missiles
 d - 4 throwing nets (quivered)
Armour
 e - a +0 robe of positive energy
 l - the +2 robe of Vines (worn) {NoPotionHeal Regen+7}
   (You found it on level 4 of the Dungeon)

   It increases your rate of regeneration.
 n - a +2 leather armour of magic resistance
 o - a +0 cloak (worn)
 s - a +1 large shield (worn)
 C - a +1 helmet of intelligence (worn)
Jewellery
 t - a +5 ring of protection (left claw)
 H - a +3 ring of strength (right claw)
Wands
 k - a wand of acid (8)
 q - a wand of scattershot (10)
 r - a wand of flame (10)
 D - a wand of polymorph (10)
 F - a wand of digging (7)
Scrolls
 g - a scroll of fear
 h - 8 scrolls of identify
 m - 9 scrolls of teleportation
 v - a scroll of vulnerability
 x - a scroll of fog
 y - a scroll of amnesia
 E - a scroll of magic mapping
 G - a scroll of remove curse
Potions
 b - a potion of agility {unknown}
 i - 3 potions of heal wounds
 j - a potion of ambrosia
 p - 2 potions of magic
 u - a potion of curing
 B - a potion of haste
Comestibles
 c - 4 chunks of flesh
 f - 24 rations


   Skills:
 + Level 5.9 Fighting
 + Level 9.2 Polearms
 + Level 1.8 Throwing
 + Level 1.2 Armour
 + Level 7.2 Dodging
 + Level 2.0 Stealth
 + Level 8.4 Shields


You had 9 spell levels left.
You didn't know any spells.
Your spell library was empty.

Dungeon Overview and Level Annotations

Branches:
Dungeon (10/15)            Temple (1/1) D:5
   Lair: D:8-11         Orc: D:9-12

Altars:
Ashenzari
Cheibriados
Dithmenos
Elyvilon
Fedhas
Gozag
Hepliaklqana
Kikubaaqudgha
Makhleb
Nemelex Xobeh
Okawaru
Qazlal
Ru
Sif Muna
Trog
Uskayaw
Vehumet
Wu Jian
Xom
Yredelemnul
Zin
The Shining One
Jiyva

Shops:
D:5 [

Annotations:
D:3 Grinder
D:4 2 transporters, zfor's ghost, amateur DEFE
D:8 3 runed translucent doors, duruk's ghost, journeyman TrWr
D:9 2 runed translucent doors, Menchi's ghost, novice KoAs


Innate Abilities, Weirdness & Mutations

You have claws for hands.
You are partially covered in icy blue scales. (AC +2)
Your flesh is heat resistant. (rF+)
You take slightly more damage. (AC -5)


Message History

The orc wizard casts a spell.
The orc wizard flickers and vanishes!
Deactivating autopickup; reactivate with Ctrl-A.
The manticore bites you! You block the manticore's attack. x2
You puncture the manticore!
The manticore is moderately wounded.
The manticore bites you! You block the manticore's attack.
The manticore claws you!
You hit the manticore.
The manticore is moderately wounded.
The manticore bites you!
* * * LOW HITPOINT WARNING * * *
You block the manticore's attack. The manticore claws you!
* * * LOW HITPOINT WARNING * * *
You hit the manticore.
The manticore is moderately wounded.
The manticore bites you!
* * * LOW HITPOINT WARNING * * *
The manticore claws you.
You die...

######## #.......
#...... #.....
.########...#
.......%....#
...<........#
......H@....#
##########..#
.........#..#
.........#..#
.........#..#
########'#..#####
.................
.................
.................


You could see a manticore.

Vanquished Creatures
  Pikel (D:9)
  A cyclops (D:11)
  Psyche (D:8)
  A centaur skeleton (D:11)
  A troll (D:11)
  3 hippogriffs
  Duvessa (D:4)
  4 orc warriors
  2 sky beasts
  An ice beast (D:7)
  5 ogres
  3 phantoms
  A necrophage (D:9)
  6 centaurs
  Blork the orc (D:5)
  2 big kobolds
  4 bullfrogs
  Dowan (D:4)
  3 scorpions
  6 killer bees (D:8)
  A howler monkey (D:6)
  3 crimson imps
  A bullfrog zombie (D:6)
  2 quasits
  3 iron imps (D:7)
  2 jellies (D:6)
  4 bullfrog skeletons
  3 orc priests
  8 hounds
  9 orc wizards
  3 worker ants
  A hound skeleton (D:4)
  9 adders
  A gnoll (D:1)
  A river rat (D:5)
  4 shadow imps
  2 adder zombies (D:9)
  An adder skeleton (D:6)
  3 worms
  A dart slug (D:4)
  9 leopard geckos
  26 orcs
  4 giant cockroaches
  3 goblins
  13 hobgoblins
  2 iguanas
  14 jackals
  19 kobolds
  4 quokkas
  2 ball pythons (Sewer)
  21 bats
  14 frilled lizards
  2 jackal skeletons (D:7)
  A jackal zombie (D:8)
  A leopard gecko skeleton (D:6)
  A leopard gecko zombie (D:6)
  2 quokka zombies (D:5)
  6 rats
  A plant (Sewer)
255 creatures vanquished.

Vanquished Creatures (others)
  2 orc wizards
2 creatures vanquished.

Grand Total: 257 creatures vanquished

Notes
Turn   | Place    | Note
-------+----------+-------------------------------------------
     0 | D:1      | Marnok the Demonspawn Gladiator began the quest for the
                  | Orb.
     0 | D:1      | Reached XP level 1. HP: 16/16 MP: 1/1
    73 | D:1      | Gained mutation: Your flesh is heat resistant. (rF+)
                  | [demonic ancestry]
    73 | D:1      | Reached XP level 2. HP: 7/22 MP: 2/2
   167 | D:1      | Reached skill level 3 in Polearms
   534 | D:1      | Reached XP level 3. HP: 11/27 MP: 3/3
  1295 | D:2      | Gained mutation: You have sharp fingernails. [demonic
                  | ancestry]
  1295 | D:2      | Reached XP level 4. HP: 20/34 MP: 4/4
  1332 | D:2      | Found a bloodstained altar of Trog.
  1474 | D:2      | Found an iron altar of Okawaru.
  1482 | D:2      | Reached skill level 4 in Polearms
  1817 | D:2      | Found a bloodstained altar of Trog.
  1896 | D:2      | Gained mutation: You have very sharp fingernails. [demonic
                  | ancestry]
  1896 | D:2      | Reached XP level 5. HP: 38/39 MP: 5/5
  2144 | D:3      | Reached skill level 1 in Shields
  2332 | D:3      | Found a hazy altar of Hepliaklqana.
  2424 | D:3      | Found a shadowy altar of Dithmenos.
  2428 | D:3      | Found a blossoming altar of Fedhas.
  2428 | D:3      | Found a hide-covered altar of Uskayaw.
  2512 | D:3      | Found a shattered altar of Ashenzari.
  2522 | D:3      | Noticed an ogre
  2537 | D:3      | Killed an ogre
  2537 | D:3      | Reached XP level 6. HP: 29/46 MP: 6/6
  2604 | D:3      | Noticed Grinder
  2608 | D:3      | Paralysed by Grinder for 5 turns
  2636 | D:3      | Paralysed by Grinder for 6 turns
  2653 | D:3      | Paralysed by Grinder for 2 turns
  2661 | D:3      | Paralysed by Grinder for 6 turns
  2930 | D:3      | Found an opulent altar of Gozag.
  3192 | D:4      | Reached skill level 5 in Polearms
  3227 | D:4      | Reached XP level 7. HP: 46/52 MP: 7/7
  3473 | D:4      | Reached skill level 1 in Armour
  3495 | D:4      | Noticed Duvessa
  3495 | D:4      | Noticed Dowan
  3535 | D:4      | Killed Duvessa
  3555 | D:4      | Killed Dowan
  3858 | D:4      | Found the +2 robe of Vines {NoPotionHeal Regen+7}
  4210 | D:4      | Found a transporter.
  4211 | D:4      | Noticed zfor's ghost (amateur DEFE)
  4221 | D:4      | Found a transporter.
  4550 | D:5      | Entered Level 5 of the Dungeon
  4553 | D:5      | Found Kemyer's Antique Armour Boutique.
  4624 | D:5      | Reached skill level 1 in Stealth
  4630 | D:5      | Found a glowing drain.
  4634 | Sewer    | Entered a sewer
  5589 | D:5      | Gained mutation: You have claws for hands. [demonic
                  | ancestry]
  5589 | D:5      | Reached XP level 8. HP: 49/58 MP: 8/8
  5854 | D:5      | Found a staircase to the Ecumenical Temple.
  5876 | D:5      | Noticed Blork the orc
  5889 | D:5      | Killed Blork the orc
  6461 | D:6      | Reached skill level 6 in Polearms
  6679 | D:6      | Found a shimmering altar of Xom.
  6718 | D:6      | Reached skill level 5 in Shields
  6727 | D:6      | Reached skill level 5 in Dodging
  7263 | D:6      | Found a shimmering altar of Xom.
  7557 | D:7      | Reached XP level 9. HP: 61/65 MP: 9/9
  7913 | D:7      | Reached skill level 7 in Polearms
  8226 | D:7      | Found a burning altar of Makhleb.
  8414 | D:8      | Found a runed translucent gate.
  8414 | D:8      | Found a runed translucent gate.
  8414 | D:8      | Found a runed translucent gate.
  8417 | D:8      | Found a viscous altar of Jiyva.
  8417 | D:8      | Noticed duruk's ghost (journeyman TrWr)
  8422 | D:8      | Noticed Psyche
  8450 | D:8      | Killed Psyche
  8450 | D:8      | Reached skill level 5 in Fighting
  8450 | D:8      | Reached skill level 8 in Polearms
  8878 | D:8      | Gained mutation: You are partially covered in icy blue
                  | scales. (AC +2) [demonic ancestry]
  8878 | D:8      | Reached XP level 10. HP: 73/74 MP: 10/10
  9373 | Temple   | Entered the Ecumenical Temple
  9578 | Temple   | Became a worshipper of Ru the Awakened
  9949 | D:9      | Found a large runed translucent door.
  9950 | D:9      | Found a large runed translucent door.
  9952 | D:9      | Noticed Menchi's ghost (novice KoAs)
 10008 | D:9      | Noticed Pikel
 10020 | D:9      | Killed Pikel
 10520 | D:10     | Entered Level 10 of the Dungeon
 10522 | D:10     | You fall through a shaft!
 10570 | D:11     | Reached skill level 9 in Polearms
 10581 | D:11     | Noticed a cyclops
 10614 | D:11     | Killed a cyclops
 10652 | D:11     | Noticed a manticore
 10655 | D:11     | Gained mutation: You take slightly more damage. (AC -5) [Ru
                  | sacrifice]
 10655 | D:11     | Reached * piety under Ru
 10660 | D:11     | HP: 3/76 [manticore (11)]
 10660 | D:11     | Slain by a manticore

Skill      XL: |  1  2  3  4  5  6  7  8  9 10 |
---------------+-------------------------------+-----
Dodging        | 3 4 5 6 7 |  7.2
Polearms       | 3 4 5 6 8 9 |  9.2
Shields        | 1 2 4 5 7 8 |  8.4
Fighting       | 3 4 5 |  5.9
Armour         | 1 |  1.2
Stealth        | 1 2 |  2.0
Throwing       | |  1.8

Action                   |  1- 3 |  4- 6 |  7- 9 | 10-12 || total
-------------------------+-------+-------+-------+-------++-------
Melee: Trident           |   121 |   260 |  1065 |   291 ||  1737
Invok: Sacrifice Health  |       |       |       |     1 ||     1
  Use: Potion            |       |     9 |     5 |       ||    14
       Scroll            |       |     6 |     8 |     4 ||    18
 Stab: Sleeping          |     1 |     1 |     1 |     1 ||     4
  Eat: Chunk             |     1 |     7 |    18 |     3 ||    29
       Ration            |       |       |     1 |     1 ||     2
Armor: Robe              |    44 |    74 |   333 |    74 ||   525
       Leather armour    |       |    39 |    76 |       ||   115
       Skin              |       |       |    22 |       ||    22
Dodge: Dodged            |   126 |    82 |   395 |   118 ||   721
Block: Large shield      |       |   198 |   915 |   337 ||  1450
